cohdb
Replays
Latest Replays
All Replays
Popular Replays
Top Player Replays
Match Explorer
How It Works
Community
CoH3 Stats
Reddit
Sign in to upload your games and track your stats! →
Sign in with Steam
Match 41670467
Unlisted
Match 41670467
Overview
Messages
Build Orders
End
Construct Barracks
Scout Squad
Riflemen Squad
M1 Mortar Team
Riflemen Squad
Grenade Package
Riflemen Squad
Construct Medical Station
Infantry Support Center
Selects Special Operations Battlegroup
Selects M29 Weasel with M1 Pack Howitzer
M29 Weasel with M1 Pack Howitzer
Construct Motor Pool
M24 Chaffee Light Tank
Engineer Squad
M24 Chaffee Light Tank
M1918 Browning Automatic Rifles
Selects P-47 Anti-Infantry Loiter
Selects Raiding Flares
Selects SSF Commando Squad
Engineer Squad
Riflemen Squad
M24 Chaffee Light Tank
M29 Weasel with M1 Pack Howitzer
M24 Chaffee Light Tank
Engineer Squad
XuZhongwei
116276339
0
0
Comments
sign in to comment!
No comments posted yet!